 Dungeon Crawl Stone Soup version 0.30-a0-847-g17996783a1 (webtiles) character file.

Game seed: 6829822173216010962

14 oldriver the Shooter (level 2, 0/25 HPs)
             Began as a Meteoran Hunter on Mar 3, 2023.
             Slain by a goblin
             ... wielding a +0 dagger
             ... led by Robin
              (2 damage)
             ... on level 2 of the Dungeon.
             The game lasted 00:02:50 (729 turns).

oldriver the Shooter (Meteoran Hunter)               Turns: 729, Time: 00:02:51

Health: 0/25       AC:  4    Str: 12    XL:     2   Next: 82%
Magic:  3/3        EV: 12    Int: 10    God:
Gold:   40         SH:  0    Dex: 17    Spells: 1/1 levels left

rFire   . . .      SeeInvis .    a - +0 shortbow
rCold   . . .      Faith    .    (shield currently unavailable)
rNeg    . . .      Spirit   .    c - +0 leather armour
rPois   .          Reflect  .    (no helmet)
rElec   .          Rampage  .    (no cloak)
rCorr   .                        h - +0 pair of gloves
Will    +....                    (no boots)
Stlth   +                        (no amulet)
HPRegen 0.24/turn                l - ring of willpower
MPRegen 0.08/turn                (no ring)

@: glowing
A: sense surroundings 1, otherworldly, glowing, explore regen
a: no special abilities


You were on level 2 of the Dungeon.
You visited 1 branch of the dungeon, and saw 2 of its levels.

You collected 40 gold pieces.

Inventory:

Hand Weapons
 a - a +0 shortbow (weapon)
 j - a +0 sling
Armour
 c - a +0 leather armour (worn)
 h - a +0 pair of gloves (worn)
Jewellery
 l - a ring of willpower (left hand)
Scrolls
 b - a scroll of immolation
 d - a scroll of identify {unknown}
 i - a scroll of blinking {unknown}
 m - a scroll of teleportation {unknown}
Potions
 e - a potion of lignification {unknown}
 f - a potion of might {unknown}
 k - a potion of haste {unknown}


   Skills:
 + Level 2.5 Fighting
 * Level 4.9 Ranged Weapons
 - Level 2.4 Dodging
 - Level 0.6 Stealth


You had one spell level left.
You didn't know any spells.
Your spell library contained the following spells:

 Spells                   Type           Power      Damage    Failure   Level
 Foxfire                  Conj/Fire      0%         2x1d4     43%         1
 Ozocubu's Armour         Ice            0%         N/A       82%         3
 Summon Ice Beast         Ice/Summ       0%         N/A       99%         4
 Lightning Bolt           Conj/Air       0%         1d11      100%        5
 Metabolic Englaciation   Hex/Ice        0%         N/A       100%        5
 Simulacrum               Ice/Necr       0%         N/A       100%        6
 Orb of Destruction       Conj           0%         9d5       100%        7


Dungeon Overview and Level Annotations

Branches:
Dungeon (2/15) Zot: 457

Altars:

Annotations:
D:2 Robin


Innate Abilities, Weirdness & Mutations

You passively map a small area around you.
You are easily found by Zot.
You glow in the dark.
You regain HP and MP as you explore.


Message History

Robin throws the goblin at you! The goblin barely misses you.
You aren't carrying any items that you can evoke.
Okay, then.
The hobgoblin attacks as you move away!
The hobgoblin hits you but does no damage.
Robin throws the goblin at you! The goblin hits you with a +0 dagger.
A giant cockroach comes into view.
You shoot an arrow. The arrow closely misses the goblin.
Robin says, "Feeling lonely?"
The goblin hits you but does no damage. The hobgoblin barely misses you.
The goblin hits you with a +0 dagger.
You shoot an arrow. The arrow barely misses the goblin.
Robin throws the goblin at you! The hobgoblin barely misses you.
The goblin hits you but does no damage. The goblin completely misses you.
The goblin barely misses you. The goblin closely misses you.
Robin roars a battlecry!
The goblins go into a battle-frenzy!
The goblin misses you. The goblin barely misses you. The hobgoblin hits you.
The goblin hits you but does no damage. The hobgoblin hits you.
The goblin barely misses you. The goblin attacks as you move away!
The goblin closely misses you. The goblin hits you but does no damage.
The hobgoblin barely misses you.
You shoot an arrow. The arrow barely misses the goblin.
The hobgoblin hits you.
The goblin hits you but does no damage. x2
The hobgoblin attacks as you move away! The hobgoblin closely misses you.
The goblin attacks as you move away! The goblin barely misses you. x2
The goblin hits you with a +0 dagger.
* * * LOW HITPOINT WARNING * * *
The goblin attacks as you move away! The goblin misses you.
Robin throws the goblin at you!
* * * LOW HITPOINT WARNING * * *
The goblin closely misses you.
You aren't carrying any items that you can evoke.
As you read the scroll labelled BET ITIQIDETI, it crumbles to dust.
You feel aware of your surroundings.
It was a scroll of magic mapping.
Robin says, "My goblins will feast on your bones."
The goblin hits you with a +0 club.
* * * LOW HITPOINT WARNING * * *
The goblin hits you with a +0 dagger.
You die...

..# #............#
*,,,,,,,,* ..#
##...........# *,,,,,,,,*
..## #.######...##
*,,,,,,,,* ...####.# #.###
*,,,,,,,,* .....##.# #.#
******,*,* ..##..#.# #.#
*,*,, ..#*#.#.#
##.########## *,***
..###.#.#####..ggg......#
*,,,,
........#.......@gg..(..#
*****
#####)###.###..)g.gBg...####
***.....*,* #...g.g........#
,...#...#,* #.......g......#
......#...**##########.....#
###*#.#....,** ****.....#
#...#.#.,* *,,,.....# *
###*#.#*,** *,,,.....# *
****,**,,*** *,,,.....# *


You could see Robin, a giant cockroach, 3 hobgoblins and 7 goblins.

Vanquished Creatures
  2 ball pythons
  A goblin (D:2)
  A hobgoblin (D:2)
  A jackal (D:1)
  4 kobolds
  2 bats (D:1)
  A frilled lizard (D:2)
  2 rats
14 creatures vanquished.

Notes
Turn   | Place    | Note
-------+----------+-------------------------------------------
     0 | D:1      | oldriver the Meteoran Hunter began the quest for the Orb.
     0 | D:1      | Reached XP level 1. HP: 17/17 MP: 2/2
   123 | D:1      | Found a faded altar of an unknown god.
   308 | D:1      | Reached XP level 2. HP: 25/25 MP: 3/3
   388 | D:2      | Got the Tome of Radiant Freezing
   717 | D:2      | Noticed Robin
   729 | D:2      | Slain by a goblin

Illustrated notes

Levels and vault maps discovered:
D:1:      dpeg_arrival_circle_labyrinth_a, layout_loops_corners, serial_shops,
          nicolae_square_shop, hellmonk_ecumenical_altar_zigzags,
          minmay_tetromino_s2
D:2:      layout_basic, uniq_robin

Action                     || total
---------------------------++-------
   Fire: Shortbow          ||    43
    Use: Scroll            ||     1
 Armour: Leather armour    ||    19
  Dodge: Dodged            ||    30

Table legend: (Time is in decaauts)
 A = Elapsed time spent in this place.
 B = Non-inter-level travel time spent in this place.
 C = Inter-level travel time spent in this place.
 D = Time resting spent in this place.
 E = Time spent auto-exploring this place.
 F = Levels seen in this place.
 G = Mean time per level.
                   A        B        C        D        E       F      G
               +--------+--------+--------+--------+--------+-----+--------+
         Total |    741 |    703 |     38 |      0 |      0 |   2 |  370.5 |
       Dungeon |    741 |    703 |     38 |      0 |      0 |   2 |  370.5 |
               +--------+--------+--------+--------+--------+-----+--------+

Top non-repeatable levels by time:
     D:1: 375 daAuts
     D:2: 366 daAuts
